 Dungeon Crawl Stone Soup version 0.32-a0-42-ga30500b4d3 (webtiles) character file.

Game seed: 14815141739401077305

53 cowhearter the Ducker (level 3, -3/28 HPs)
             Began as a Demonspawn Gladiator on Jan 31, 2024.
             Slain by a ribbon worm (7 damage)
             ... on level 3 of the Dungeon.
             The game lasted 00:05:37 (1783 turns).

cowhearter the Ducker (Demonspawn Gladiator)        Turns: 1783, Time: 00:05:38

Health: -3/28      AC:  4    Str: 14    XL:     3   Next: 64%
Magic:  3/3        EV: 12    Int: 12    God:
Gold:   102        SH:  0    Dex: 14    Spells: 2/2 levels left

rFire   . . .        i - staff of earth
rCold   . . .        (no shield)
rNeg    + . .        b - +0 leather armour
rPois   .            c - +0 helmet
rElec   .            (no cloak)
rCorr   .            (no gloves)
SInv    .            (no boots)
Will    .....        (no amulet)
Stlth   +            o - ring of positive energy
HPRegen 0.24/turn    (no ring)
MPRegen 0.08/turn

%: no passive effects
@: no status effects
A: big brain 1
a: no special abilities


You were on level 3 of the Dungeon.
You visited 1 branch of the dungeon, and saw 3 of its levels.

You collected 102 gold pieces.

Inventory:

Hand Weapons
 a - a +0 long sword
Missiles
 d - 3 throwing nets (quivered)
 e - a javelin
 s - 8 stones
Armour
 b - a +0 leather armour (worn)
 c - a +0 helmet (worn)
Magical Staves
 i - a staff of earth (weapon)
Jewellery
 o - a ring of positive energy (left hand)
Scrolls
 l - a scroll of amnesia {unknown}
 m - a scroll of noise {unknown}
 n - a scroll of butterflies {unknown}
 p - a scroll of identify {unknown}
 q - 2 scrolls of teleportation {unknown}
 r - a scroll of fear {unknown}
 t - a scroll of torment {unknown}
Potions
 f - a potion of brilliance {unknown}
 g - a potion of heal wounds {unknown}
 h - 2 potions of curing {unknown}
 j - a potion of might {unknown}
 k - a potion of lignification {unknown}


   Skills:
 + Level 2.6 Fighting
 - Level 2.7 Long Blades
 * Level 0.2(0.4) Maces & Flails
 * Level 0.4(0.6) Polearms
 * Level 0.6(0.8) Staves
 + Level 1.7 Throwing
 + Level 0.7 Armour
 + Level 3.1 Dodging
 * Level 0.7 Earth Magic
 * Level 0.3 Evocations


You had 2 spell levels left.
You didn't know any spells.
Your spell library was empty.

Dungeon Overview and Level Annotations

Branches:
Dungeon (2/15)

Altars:


Innate Abilities, Weirdness & Mutations

You have an unusually large brain. (Int +2)


Message History

The ribbon worm bites you.
You struggle to detach yourself from the web.
The ribbon worm bites you.
* * * LOW HITPOINT WARNING * * *
You struggle to detach yourself from the web.
The ribbon worm expels a string of sticky webbing.
The stream of webbing hits you but does no damage.
You are even more entangled.
You struggle to detach yourself from the web.
The web tears apart.
The ribbon worm bites you.
* * * LOW HITPOINT WARNING * * *
You barely miss the ribbon worm.
The ribbon worm is moderately wounded.
The ribbon worm bites you but does no damage.
You barely miss the ribbon worm.
The ribbon worm is moderately wounded.
The ribbon worm bites you but does no damage.
You hit the ribbon worm.
The ribbon worm is moderately wounded.
The ribbon worm bites you but does no damage.
You hit the ribbon worm.
The ribbon worm is heavily wounded.
The ribbon worm barely misses you.
You hit the ribbon worm but do no damage.
The ribbon worm is heavily wounded.
The ribbon worm closely misses you.
You hit the ribbon worm but do no damage.
The ribbon worm is heavily wounded.
The ribbon worm bites you.
* * * LOW HITPOINT WARNING * * *
You hit the ribbon worm but do no damage.
The ribbon worm is moderately wounded.
You barely miss the ribbon worm.
The ribbon worm is moderately wounded.
The ribbon worm expels a string of sticky webbing.
The stream of webbing misses you.
You hit the ribbon worm.
The ribbon worm is moderately wounded.
The ribbon worm bites you!
You die...

#.# #.# .##... #.#
..... #.# ##.... #.#
..... #.# #... #.# #.
#.. #.# #...# #.# #.#
#...# #@# #.# #...# #w#
# #.# #...########.#.##
#.# #...............#
#.# #.....[.........#
#.# #...............#
#.###.....w.........#
#..)..##...............
#.###.##............#..


You could see a ribbon worm.

Vanquished Creatures
  An adder (D:3)
  3 bats
  5 endoplasms
  A giant cockroach (D:1)
  3 goblins
  7 hobgoblins
  2 quokkas (D:1)
  8 ball pythons
  4 frilled lizards
  5 kobolds
  3 rats
42 creatures vanquished.

Notes
Turn   | Place    | Note
-------+----------+-------------------------------------------
     0 | D:1      | cowhearter the Demonspawn Gladiator began the quest for the
                  | Orb.
     0 | D:1      | Reached XP level 1. HP: 16/16 MP: 1/1
   258 | D:1      | Gained mutation: You have an unusually large brain. (Int
                  | +2) [demonic ancestry]
   258 | D:1      | Reached XP level 2. HP: 7/23 MP: 2/2
   486 | D:1      | Reached skill level 3 in Dodging
  1149 | D:2      | Reached XP level 3. HP: 28/28 MP: 3/3
  1567 | D:2      | You fall into a shaft and drop 1 floor!
  1783 | D:3      | Slain by a ribbon worm

Illustrated notes

Levels and vault maps discovered:
D:1:      saegor_arrival_miasma, layout_basic, minmay_misc_feat_secret_circle,
          minmay_tetromino_i2
D:2:      layout_loops_ring, hellmonk_ecumenical_altar_pennies_from_heaven
D:3:      layout_basic, gammafunk_ghost_abyssal_escape

Skill      XL: |  1  2 |
---------------+-------+-----
Dodging        | 3 |  3.1
Fighting       | |  2.6
Long Blades    | |  2.7
Maces & Flails | |  0.2
Polearms       | |  0.4
Staves         | |  0.6
Throwing       | |  1.7
Armour         | |  0.7
Earth Magic    | |  0.7
Evocations     | |  0.3

Action                     || total
---------------------------++-------
  Melee: Long sword        ||    28
         Staff             ||   187
         Punch             ||     1
 Armour: Leather armour    ||   125
  Dodge: Dodged            ||   189

Table legend: (Time is in decaauts)
 A = Elapsed time spent in this place.
 B = Non-inter-level travel time spent in this place.
 C = Inter-level travel time spent in this place.
 D = Time resting spent in this place.
 E = Time spent auto-exploring this place.
 F = Levels seen in this place.
 G = Mean time per level.
                   A        B        C        D        E       F      G
               +--------+--------+--------+--------+--------+-----+--------+
         Total |   1823 |   1823 |      0 |    221 |   1011 |   3 |  607.7 |
       Dungeon |   1823 |   1823 |      0 |    221 |   1011 |   3 |  607.7 |
               +--------+--------+--------+--------+--------+-----+--------+

Top non-repeatable levels by time:
     D:1: 1035 daAuts
     D:2: 562 daAuts
     D:3: 225 daAuts
